 Dungeon Crawl Stone Soup version 0.30-a0-377-g5cb311bc9f (webtiles) character file.

Game seed: 11202361061827169839

4 mopl the Caller (level 1, -2/10 HPs)
             Began as a Tengu Summoner on Nov 28, 2022.
             Slain by a gnoll
             ... wielding a +0 whip
              (6 damage)
             ... on level 1 of the Dungeon.
             The game lasted 00:00:25 (254 turns).

mopl the Caller (Tengu Summoner)                     Turns: 254, Time: 00:00:25

Health: -2/10      AC:  2    Str:  8    XL:     1   Next: 60%
Magic:  2/4        EV: 12    Int: 15    God:
Gold:   43         SH:  0    Dex: 14    Spells: 3/4 levels left

rFire   . . .      SeeInvis .    (no weapon)
rCold   . . .      Faith    .    (no shield)
rNeg    . . .      Spirit   .    a - +0 robe
rPois   .          Reflect  .    (helmet restricted)
rElec   .          Harm     .    (no cloak)
rCorr   .          Rampage  .    (no gloves)
Will    .....                    (boots unavailable)
Stlth   ++........               (no amulet)
HPRegen 0.21/turn                (no ring)
MPRegen 0.09/turn                (no ring)

@: no status effects
A: beak, talons 3
a: no special abilities


You were on level 1 of the Dungeon.
You visited 1 branch of the dungeon, and saw 1 of its levels.

You collected 43 gold pieces.

Inventory:

Armour
 a - a +0 robe (worn)
Potions
 b - a potion of magic


   Skills:
 - Level 2.1 Dodging
 - Level 2.0 Stealth
 + Level 2.1 Spellcasting
 + Level 5.0 Summonings


You had 3 spell levels left.
You knew the following spells:

 Your Spells              Type           Power      Damage    Failure   Level
a - Summon Small Mammal   Summ           64%        N/A       2%          1

Your spell library contained the following spells:

 Spells                   Type           Power      Damage    Failure   Level
 Call Imp                 Summ           16%        N/A       4%          2
 Call Canine Familiar     Summ           16%        N/A       9%          3
 Summon Guardian Golem    Hex/Summ       9%         N/A       24%         3
 Kindle Blastsparks       Fire/Tloc/Air  2%         2d10      54%         3
 Summon Lightning Spire   Summ/Air       9%         N/A       61%         4
 Fulminant Prism          Conj/Hex       0%         3d5       91%         4
 Iskenderun's Mystic Bla  Conj/Tloc      1%         2d3       91%         4
 Lee's Rapid Deconstruct  Erth           0%         3d4*      99%         5


Dungeon Overview and Level Annotations

Branches:
Dungeon (1/15)

Altars:


Innate Abilities, Weirdness & Mutations

You have a beak for a mouth.
You have claws for feet.


Message History

No target in view!
No target in view!
No target in view!
No target in view!
No target in view!
No target in view!
You swap places.
Magic restored.
A gnoll comes into view. It is wielding a +0 whip.
Found 6 gold pieces.
Found 7 gold pieces.
Casting: Summon Small Mammal (safe; 2% risk of failure)
Confirm with . or Enter, or press ? or * to list all spells.
Casting: Summon Small Mammal (safe; 2% risk of failure)
Confirm with . or Enter, or press ? or * to list all spells.
Your bat disappears in a puff of smoke!
Your bat hits the gnoll but does no damage.
The gnoll completely misses your bat.
A hobgoblin comes into view.
The hobgoblin shouts!
Your bat hits the gnoll.
Your bat closely misses the gnoll.
Your bat barely misses the gnoll.
You closely miss the gnoll. You claw the gnoll. Your peck misses the gnoll.
The gnoll is heavily wounded.
Your bat hits the gnoll but does no damage.
Your bat hits the gnoll. The gnoll barely misses your bat.
You hit the gnoll but do no damage.
The gnoll is severely wounded.
Your bat hits the gnoll.
Your bat hits the gnoll but does no damage.
The gnoll hits you with a +0 whip.
Ouch! That really hurt!
You are too injured to fight recklessly!
You are too injured to fight recklessly!
You closely miss the gnoll.
The gnoll is severely wounded.
Your bat barely misses the gnoll. x2; Your bat closely misses the gnoll.
The gnoll hits you with a +0 whip.
Ouch! That really hurt!
You die...

############+#+##
#................
#................
#........@gb.$$..
#.......##b......
#.......##...g...
#...............#
#...............#
#...............#
#######...............#
#.....................#
#..................


You could see a gnoll (ally target), a hobgoblin and 2 friendly bats.

Vanquished Creatures
  A kobold (D:1)
  A bat (D:1)
  A frilled lizard (D:1)
  2 rats (D:1)
5 creatures vanquished.

Notes
Turn   | Place    | Note
-------+----------+-------------------------------------------
     0 | D:1      | mopl the Tengu Summoner began the quest for the Orb.
     0 | D:1      | Reached XP level 1. HP: 10/10 MP: 4/4
   239 | D:1      | Reached skill level 5 in Summonings
   254 | D:1      | Slain by a gnoll

Illustrated notes

Levels and vault maps discovered:
D:1:      erik_arrival_cave_to_civilisation [erik_arrival_cave_to_hall],
          layout_basic, ebering_ecumenical_altar_hall

Skill      XL: |  1 |
---------------+----+-----
Summonings     | 5 |  5.0
Dodging        | |  2.1
Stealth        | |  2.0
Spellcasting   | |  2.1

Action                   || total
-------------------------++-------
Melee: Unarmed           ||    12
       Kick              ||     5
       Peck              ||     1
 Cast: Summon Small Mamm ||     3
 Stab: Sleeping          ||     1
Armor: Robe              ||     6
Dodge: Dodged            ||    10

Table legend: (Time is in decaauts)
 A = Elapsed time spent in this place.
 B = Non-inter-level travel time spent in this place.
 C = Inter-level travel time spent in this place.
 D = Time resting spent in this place.
 E = Time spent auto-exploring this place.
 F = Levels seen in this place.
 G = Mean time per level.
                   A        B        C        D        E       F      G
               +--------+--------+--------+--------+--------+-----+--------+
         Total |    254 |    254 |      0 |      0 |    215 |   1 |  254.0 |
       Dungeon |    254 |    254 |      0 |      0 |    215 |   1 |  254.0 |
               +--------+--------+--------+--------+--------+-----+--------+

Top non-repeatable levels by time:
     D:1: 254 daAuts
